 Dungeon Sprint DCSS version 0.29-a0-451-gfbfa42419e (webtiles) character file.

Game seed: 8383122592338841413

4 mhtbhm the Ducker (level 1, -2/15 HPs)
             Began as a Felid Berserker on May 20, 2022.
             Was a Believer of Trog.
             Splashed by a jelly's acid (4 damage)
             ... in the Dungeon (Sprint IX: "|||||||||||||||||||||||||||||").
             The game lasted 00:00:05 (243 turns).

mhtbhm the Ducker (Felid Berserker)                  Turns: 243, Time: 00:00:06

Health: -2/15      AC: -3    Str: 13    XL:     1   Next: 50%
Magic:  2/2        EV: 18    Int:  8    God:    Trog [**....]
Gold:   0          SH:  0    Dex: 15    Spells: 0/0 levels left
                                        Lives:  0   Deaths: 0

rFire   . . .      SeeInvis +     - Unarmed
rCold   . . .      Faith    .   (shield unavailable)
rNeg    . . .      Spirit   .   (body armour unavailable)
rPois   .          Reflect  .   (helmet unavailable)
rElec   .          Harm     .   (cloak unavailable)
rCorr   .          Rampage  .   (gloves unavailable)
Will    .....      NoTele   +   (boots unavailable)
Stlth   ..........              (no amulet)
HPRegen 0.05/turn               (no ring)
MPRegen 0.08/turn               (no ring)

@: berserking, corroded, very quick
A: very small, claws 1, fangs 3, see invisible, speed 1, shaggy fur 1, stealthy
paws, no weapons or thrown items, no armour, multi-lived
a: Renounce Religion, Berserk, Trog's Hand


You were in the Dungeon.
You worshipped Trog.
Trog was pleased with you.
You visited 1 branch

Inventory:

Scrolls
 f - a scroll of blinking
Potions
 a - a potion of curing
 b - a potion of heal wounds
 c - a potion of haste
 d - 2 potions of magic
 e - a potion of berserk rage


   Skills:
 + Level 3.5 Fighting
 + Level 4.6 Dodging
 + Level 3.5 Unarmed Combat


You couldn't memorise any spells.
You didn't know any spells.
Your spell library was empty.

Dungeon Overview and Level Annotations

Branches:
Dungeon (1/1)

Altars:


Innate Abilities, Weirdness & Mutations

You have sharp claws.
You have razor-sharp teeth.
You have supernaturally acute eyesight. (SInv)
You cover ground quickly. (Speed+)
You are covered in fur. (AC +1)
Your paws help you pounce on unaware monsters.
You are incapable of wielding weapons or throwing items.
You cannot wear armour.
You gain extra lives every three experience levels.


Message History

You are too injured to fight recklessly!
You are too injured to fight recklessly!
You barely miss the rat. Your bite misses the rat. The rat misses you.
You closely miss the rat. You bite the rat.
The rat is heavily wounded.
The rat bites you.
* * * LOW HITPOINT WARNING * * *
You scratch the rat.
You kill the rat!
Trog accepts your kill.
You can now call upon Trog for regeneration and willpower.
You barely miss the frilled lizard. The frilled lizard closely misses you.
You scratch the frilled lizard.
You kill the frilled lizard!
Trog accepts your kill.
You scratch the rat.
The rat is heavily wounded.
The rat barely misses you.
You scratch the rat.
You kill the rat!
Trog accepts your kill.
You start resting.
You start resting.
HP restored.
As you open the door, it creaks loudly!
A quokka, a centaur, a gnoll sergeant, an orc wizard and a jelly come into view.
The gnoll sergeant is wielding a +2 vampiric trident.
The centaur shouts!
The gnoll sergeant shouts!
The orc wizard shouts!
Unknown command.
A red film seems to cover your vision as you go berserk!
You feel yourself moving faster!
You feel mighty!
The orc wizard casts a spell.
The orc wizard flickers and vanishes for a moment.
The jelly hits you.
You are splashed with acid!
Ouch! That really hurt!
You claw the jelly! The acid corrodes you!
Your paws burn!
* * * LOW HITPOINT WARNING * * *
The jelly is severely wounded.
You scratch the jelly.
Your paws burn!
You die... ▓▓▓▓▓▓▓▓▓▓▓▓▓▓▓▓▓▓ +rcgo.J@....)...<▓ ▓▓▓▓▓▓▓▓▓▓▓▓▓▓▓▓▓▓

You could see a gnoll sergeant, a centaur, a jelly, an orc wizard (invisible) and a quokka.

Vanquished Creatures
  A goblin (D)
  A frilled lizard (D)
  A kobold (D)
  2 rats (D)
5 creatures vanquished.

Notes
Turn   | Place    | Note
-------+----------+-------------------------------------------
     0 | D        | mhtbhm the Felid Berserker began the quest for the Orb.
     0 | D        | Reached XP level 1. HP: 10/10 MP: 2/2
    19 | D        | Reached ** piety under Trog
   240 | D        | Noticed a centaur
   240 | D        | Noticed a gnoll sergeant
   240 | D        | Noticed an orc wizard
   240 | D        | Noticed a jelly
   243 | D        | Splashed by a jelly's acid

Illustrated notes

Levels and vault maps discovered:
D:        linesprint [early_d, line_temple, items_1, d_10, items_2, lair_1,
          lair_end, items_3, orc_1, orc_end, items_4, d_15, swamp_1, shoals_1,
          snake_1, spider_1, d_20, vaults_1, items_5, swamp_end, shoals_end,
          snake_end, spider_end, vaults_end, d_27, items_6, zot_1, zot_end,
          crypt_end, forest_end, elf_end, slime_end, tomb_end, abyss_end,
          pan_hell_end]

Action                   || total
-------------------------++-------
Melee: Unarmed           ||    21
       Bite              ||     1
Invok: Berserk           ||     1
Dodge: Dodged            ||    11

Table legend: (Time is in decaauts)
 A = Elapsed time spent in this place.
 B = Non-inter-level travel time spent in this place.
 C = Inter-level travel time spent in this place.
 D = Time resting spent in this place.
 E = Time spent auto-exploring this place.
 F = Levels seen in this place.
 G = Mean time per level.
                   A        B        C        D        E       F      G
               +--------+--------+--------+--------+--------+-----+--------+
         Total |    239 |    239 |      0 |    211 |      2 |   1 |  239.0 |
       Dungeon |    239 |    239 |      0 |    211 |      2 |   1 |  239.0 |
               +--------+--------+--------+--------+--------+-----+--------+

Top non-repeatable levels by time:
       D: 239 daAuts
